 Dungeon Crawl Stone Soup version 0.29-a0-1047-g7c58e119a4 (webtiles) character file.

Game seed: 17363790561747638128

33 Zeldest the Stinger (level 3, -1/27 HPs)
             Began as a Meteoran Venom Mage on Aug 16, 2022.
             Slain by Sigmund
             ... wielding a +1 scythe of protection
              (12 damage)
             ... on level 2 of the Dungeon.
             The game lasted 00:03:32 (508 turns).

Zeldest the Stinger (Meteoran Venom Mage)            Turns: 508, Time: 00:03:32

Health: -1/27      AC:  2    Str:  9    XL:     3   Next: 70%
Magic:  2/8        EV: 12    Int: 18    God:
Gold:   60         SH:  0    Dex: 15    Spells: 5/8 levels left

rFire   . . .      SeeInvis .   (no weapon)
rCold   . . .      Faith    .   (no shield)
rNeg    . . .      Spirit   .   a - +0 robe
rPois   .          Reflect  .   (no helmet)
rElec   .          Harm     .   (no cloak)
rCorr   .          Rampage  .   (no gloves)
Will    .....                   (no boots)
Stlth   +.........              (no amulet)
HPRegen 0.09/turn               (no ring)
MPRegen 0.11/turn               (no ring)

@: confused, glowing
A: sense surroundings 1, otherworldly, glowing, explore regen
a: no special abilities


You were on level 2 of the Dungeon.
You visited 1 branch of the dungeon, and saw 2 of its levels.

You collected 60 gold pieces.

Inventory:

Missiles
 c - 2 throwing nets
Armour
 a - a +0 robe (worn)
Scrolls
 d - a scroll of butterflies {unknown}
 g - a scroll of magic mapping {unknown}
Potions
 e - a potion of brilliance {unknown}
 f - a potion of heal wounds {unknown}


   Skills:
 + Level 0.8 Fighting
 - Level 2.5 Dodging
 - Level 1.5 Stealth
 + Level 3.1 Spellcasting
 + Level 2.0 Transmutations
 + Level 1.0 Air Magic
 + Level 4.0 Poison Magic


You had 5 spell levels left.
You knew the following spells:

 Your Spells              Type           Power      Damage    Failure   Level
a - Sting                 Tmut/Pois      52%        1d5       4%          1
b - Poisonous Vapours     Pois/Air       22%        N/A       9%          2

Your spell library contained the following spells:

 Spells                   Type           Power      Damage    Failure   Level
 Mephitic Cloud           Conj/Pois/Air  8%         N/A       24%         3
 Olgreb's Toxic Radiance  Pois           17%        N/A       30%         4


Dungeon Overview and Level Annotations

Branches:
Dungeon (2/15) Zot: 692

Altars:

Annotations:
D:2 Sigmund


Innate Abilities, Weirdness & Mutations

You passively map a small area around you.
You are easily found by Zot.
You glow in the dark.
You regain HP and MP as you explore.


Message History

Confirm with . or Enter, or press ? or * to list all spells.
Aiming: Poisonous Vapours (safe; 9% risk of failure)
Press: ? - help, Dir - move target, f/p - Sigmund
Aim: Sigmund, wielding a +1 scythe of protection and wearing a +0 robe (lightly wounded, poisoned) Poisonous vapours surround Sigmund!
Sigmund looks even sicker.
Sigmund hits you with a +1 scythe of protection.
Casting: Poisonous Vapours (safe; 9% risk of failure)
Confirm with . or Enter, or press ? or * to list all spells.
Aiming: Sting (safe; 4% risk of failure)
Press: ? - help, Shift-Dir - straight line, f/p - Sigmund
Aim: Sigmund, wielding a +1 scythe of protection and wearing a +0 robe (moderately wounded, very poisoned, 68% to hit)
The sting hits Sigmund.
Sigmund looks even sicker.
Sigmund is moderately wounded.
Sigmund completely misses you.
Sigmund points at you and mumbles some strange words.
You resist with some effort. Sigmund gestures at you while chanting.
You are confused.
Okay, then.
You are too confused!
You are too confused!
You bump into the rock wall.
You bump into the rock wall.
Sigmund gestures at you while chanting.
You are more confused.
Sigmund barely misses you.
You bump into the rock wall.
Sigmund looks more healthy.
You're too confused to move!
Sigmund hits you from afar with a +1 scythe of protection.
You bump into the rock wall.
Sigmund points at you and mumbles some strange words.
The puff of flame hits you.
You bump into the rock wall.
Sigmund hits you from afar with a +1 scythe of protection.
You bump into the rock wall.
Sigmund mumbles some strange words.
Sigmund flickers and vanishes!
Deactivating autopickup; reactivate with Ctrl-A.
Something hits you!
You die...

##### ####### #...#######
#...... # #...{@....#
####.#.... .
#...#####.###.##.#.###
.### ##.## #....>.....# #
...####
#####.########......###*#
.#....# #......)..#
##...#......
.#....###.###.###.#
##.########
........#.#.#.# ,* #.#
........#@.#..# #.#
#.......#.#.### # ##+##


There were no monsters in sight!

Vanquished Creatures
  An adder (D:2)
  A worm (D:2)
  A bat (D:1)
  5 endoplasms
  3 giant cockroaches
  2 goblins
  A quokka (D:2)
  3 frilled lizards
  2 kobolds
19 creatures vanquished.

Notes
Turn   | Place    | Note
-------+----------+-------------------------------------------
     0 | D:1      | Zeldest the Meteoran Venom Mage began the quest for the
                  | Orb.
     0 | D:1      | Reached XP level 1. HP: 14/14 MP: 5/5
    69 | D:1      | Reached XP level 2. HP: 19/20 MP: 2/6
    75 | D:1      | Learned a level 2 spell: Poisonous Vapours
   326 | D:2      | Reached XP level 3. HP: 23/27 MP: 0/8
   344 | D:2      | Reached skill level 1 in Air Magic
   475 | D:2      | Reached skill level 4 in Poison Magic
   481 | D:2      | Noticed Sigmund
   508 | D:2      | Slain by Sigmund

Illustrated notes

Levels and vault maps discovered:
D:1:      elethiomel_arrival_quiet, layout_basic, minmay_quantized
D:2:      layout_loops_corners, kennysheep_path_1, uniq_sigmund, uniq_natasha

Skill      XL: |  1  2  3 |
---------------+----------+-----
Spellcasting   | 3 |  3.1
Air Magic      | 1 |  1.0
Transmutations | 2 |  2.0
Poison Magic   | 4 |  4.0
Fighting       | |  0.8
Dodging        | |  2.5
Stealth        | |  1.5

Action                   || total
-------------------------++-------
Melee: Unarmed           ||    14
       Punch             ||     1
 Cast: Sting             ||    43
       Poisonous Vapours ||     3
  Use: Potion            ||     3
Armor: Robe              ||     5
Dodge: Dodged            ||    24

Table legend: (Time is in decaauts)
 A = Elapsed time spent in this place.
 B = Non-inter-level travel time spent in this place.
 C = Inter-level travel time spent in this place.
 D = Time resting spent in this place.
 E = Time spent auto-exploring this place.
 F = Levels seen in this place.
 G = Mean time per level.
                   A        B        C        D        E       F      G
               +--------+--------+--------+--------+--------+-----+--------+
         Total |    507 |    499 |      8 |      0 |      0 |   2 |  253.5 |
       Dungeon |    507 |    499 |      8 |      0 |      0 |   2 |  253.5 |
               +--------+--------+--------+--------+--------+-----+--------+

Top non-repeatable levels by time:
     D:1: 298 daAuts
     D:2: 209 daAuts
